cohdb
Replays
Latest Replays
All Replays
Popular Replays
Top Player Replays
Match Explorer
How It Works
Community
CoH3 Stats
Reddit
Sign in to upload your games and track your stats! →
Sign in with Steam
Match 42053007
Unlisted
Match 42053007
Overview
Messages
Build Orders
End
250 Light Carrier
Panzergrenadier Squad
Panzergrenadier Squad
Construct Light Support Kompanie
Combat Half-tracks
Construct Mechanized Kompanie
Support Armor Elements
MG34 Team
Panzerjäger Mechanized Group
StuG III D Assault Gun
Selects Armored Support Battlegroup
Selects Salvage Kits
StuG III D Assault Gun
Vehicle Survival Package
Emergency Repair Kits
Construct Panzerarmee Kommand
Marder III Tank Destroyer
Selects Superior Fire Drills
Rapid Advance
Selects Panzer Storm
Broly19HS
ashilrye
Dirkradix
.
Oziligath
UMirinBrah?
Tirant
Dark Angels
0
0
Comments
sign in to comment!
No comments posted yet!